PIO (24 & UNDER)
SEATTLE RAINIERS @ SALEM SLEDGEHAMMERS
09/13/2027
 
TOP OF THE 1ST
Seattle Rainiers batting - Pitching for Salem Sledgehammers : LHP Ken Johnston
Pitching: LHP Ken Johnston
Batting: RHB Roger Lamb 0-0: Ball
1-0: Foul Ball, location: 2F
1-1: Ball
2-1: Ball
3-1: Base on Balls
Batting: RHB Roberto Pérez 0-0: Ball
1-0: Swinging Strike
1-1: Ball
2-1: Ball
3-1: Base on Balls
Roger Lamb to second
Batting: LHB José Delgado 0-0: Ball
1-0: Swinging Strike
1-1: Swinging Strike
1-2: Ball
2-2: Hit by Pitch
Roger Lamb to third
Roberto Pérez to second
Batting: RHB Cipriano Baca 0-0: Ball
1-0: Called Strike
1-1: Ball
2-1: Swinging Strike
2-2: Ball
3-2: Strikes out swinging
Batting: RHB Leonard Harris 0-0: Fly out, F5 (Popup, 5S)
Batting: RHB David Pérez 0-0: Ball
1-0: Ball
2-0: Ball
3-0: Called Strike
3-1: Base on Balls
Roger Lamb scores
Roberto Pérez to third
José Delgado to second
Batting: LHB Tom Craft 0-0: Swinging Strike
0-1: Ball
1-1: Called Strike
1-2: Strikes out swinging
Top of the 1st over - 1 run(s), 0 hit(s), 0 error(s), 3 left on base; Seattle 1 - Salem 0
BOTTOM OF THE 1ST
Salem Sledgehammers batting - Pitching for Seattle Rainiers : RHP Lúcio Feliciano
Pitching: RHP Lúcio Feliciano
Batting: RHB Luis Bustamante 0-0: Called Strike
0-1: Foul Ball, location: 2F
0-2: Strikes out swinging
Batting: RHB José García 0-0: Ball
1-0: Called Strike
1-1: Ball
2-1: Reached on error, E3 (Popup, 3L)
Batting: SHB Richard Griffin 0-0: Called Strike
0-1: Ball
1-1: Ball
2-1: Ball
3-1: Swinging Strike
3-2: Ground out 4-3 (Groundball, 34)
José García to second
Batting: SHB Enrique Uribe 0-0: Swinging Strike
0-1: Ball
1-1: Called Strike
1-2: Ball
2-2: Ball
3-2: Strikes out swinging
Bottom of the 1st over - 0 run(s), 0 hit(s), 1 error(s), 1 left on base; Seattle 1 - Salem 0
TOP OF THE 2ND
Seattle Rainiers batting - Pitching for Salem Sledgehammers : LHP Ken Johnston
Batting: SHB Claas van der Kuijl 0-0: Ground out 5-3 (Groundball, 5)
Batting: RHB José Rosales 0-0: SINGLE (Flyball, 9S)
Batting: RHB Roger Lamb 0-0: Called Strike
0-1: Ball
1-1: Foul Ball, location: 2F
1-2: Ball
2-2: Strikes out swinging
Batting: RHB Roberto Pérez 0-0: Called Strike
0-1: Ball
1-1: Called Strike
1-2: Foul Ball, location: 2F
1-2: Foul Ball, location: 2F
1-2: Fly out, F9 (Flyball, 9LSF)
Top of the 2nd over - 0 run(s), 1 hit(s), 0 error(s), 1 left on base; Seattle 1 - Salem 0
BOTTOM OF THE 2ND
Salem Sledgehammers batting - Pitching for Seattle Rainiers : RHP Lúcio Feliciano
Batting: RHB Bobby Miller 0-0: Ball
1-0: Ball
2-0: DOUBLE (Groundball, 5L)
Batting: RHB Gilberto Tovar 0-0: Ball
1-0: Called Strike
1-1: Swinging Strike
1-2: Ball
2-2: Foul Ball, location: 2F
2-2: Foul Ball, location: 2F
2-2: Ball
3-2: Strikes out swinging
Batting: RHB Gilberto Silva 0-0: Called Strike
0-1: Ground out 6-3 (Groundball, 6)
Bobby Miller to third
Batting: RHB Robert Stevens 0-0: Called Strike
0-1: Ball
1-1: Ball
2-1: SINGLE (Line Drive, 34)
Bobby Miller scores
Batting: RHB Lakota O'Reilly 0-0: Ball
1-0: Called Strike
1-1: Swinging Strike
1-2: Strikes out swinging
Bottom of the 2nd over - 1 run(s), 2 hit(s), 0 error(s), 1 left on base; Seattle 1 - Salem 1
TOP OF THE 3RD
Seattle Rainiers batting - Pitching for Salem Sledgehammers : LHP Ken Johnston
Batting: LHB José Delgado 0-0: Called Strike
0-1: Ball
1-1: Ball
2-1: Called Strike
2-2: Strikes out swinging
Batting: RHB Cipriano Baca 0-0: Called Strike
0-1: Ball
1-1: Ball
2-1: Foul Ball, location: 2F
2-2: Ball
3-2: Foul Ball, location: 2F
3-2: Base on Balls
Batting: RHB Leonard Harris 0-0: Ball
1-0: Called Strike
1-1: SINGLE (Groundball, 56D)
Cipriano Baca to second
Batting: RHB David Pérez 0-0: Swinging Strike
0-1: Ball
1-1: Swinging Strike
1-2: Strikes out swinging
Batting: LHB Tom Craft 0-0: Called Strike
0-1: Ball
1-1: Swinging Strike
1-2: Ball
2-2: SINGLE (Flyball, 8LS)
Cipriano Baca to third
Leonard Harris to second
Runner from 3rd tries for Home, SAFE, no throw
Batting: SHB Claas van der Kuijl 0-0: Hit by Pitch
Leonard Harris to third
Tom Craft to second
Batting: RHB José Rosales 0-0: Ball
1-0: Swinging Strike
1-1: Swinging Strike
1-2: Ball
2-2: Strikes out looking
Top of the 3rd over - 1 run(s), 2 hit(s), 0 error(s), 3 left on base; Seattle 2 - Salem 1
BOTTOM OF THE 3RD
Salem Sledgehammers batting - Pitching for Seattle Rainiers : RHP Lúcio Feliciano
Batting: RHB Luis Bustamante 0-0: Ball
1-0: DOUBLE (Flyball, 9LM)
Batting: RHB José García 0-0: Ball
1-0: SINGLE (Groundball, 6MD)
Luis Bustamante to third
Runner from 3rd tries for Home, SAFE, throw made home
José García to second
Batting: SHB Richard Griffin 0-0: Ball
José García steals 3rd base
1-0: Called Strike
1-1: Called Strike
1-2: Foul Ball, location: 2F
1-2: Strikes out swinging
Batting: SHB Enrique Uribe 0-0: Ball
1-0: Ball
2-0: Ball
3-0: Base on Balls
Batting: RHB Bobby Miller 0-0: Ball
1-0: Called Strike
1-1: Foul Ball, location: 2F
1-2: Ball
2-2: Ball
3-2: Foul Ball, location: 2F
3-2: Strikes out swinging
Enrique Uribe is caught stealing 2nd base
Batter strikes out.
Bottom of the 3rd over - 1 run(s), 2 hit(s), 0 error(s), 1 left on base; Seattle 2 - Salem 2
TOP OF THE 4TH
Seattle Rainiers batting - Pitching for Salem Sledgehammers : LHP Ken Johnston
Batting: RHB Roger Lamb 0-0: Called Strike
0-1: Ball
1-1: Ball
2-1: Foul Ball, location: 2F
2-2: Foul Ball, location: 2F
2-2: DOUBLE (Line Drive, 7LM)
Pitching: RHP Ron Moore
Batting: RHB Roberto Pérez 0-0: Called Strike
0-1: Ball
Roger Lamb is caught stealing 3rd base
1-1: Swinging Strike
1-2: Foul Ball, location: 2F
1-2: Strikes out swinging
Batting: LHB José Delgado 0-0: Foul Ball, location: 2F
0-1: Foul Ball, location: 2F
0-2: Ball
1-2: Ball
2-2: Strikes out swinging
Top of the 4th over - 0 run(s), 1 hit(s), 0 error(s), 0 left on base; Seattle 2 - Salem 2
BOTTOM OF THE 4TH
Salem Sledgehammers batting - Pitching for Seattle Rainiers : RHP Lúcio Feliciano
Batting: RHB Gilberto Tovar 0-0: Foul Ball, location: 2F
0-1: Called Strike
0-2: Foul Ball, location: 2F
0-2: Ball
1-2: Ball
2-2: Ball
3-2: Strikes out swinging
Batting: RHB Gilberto Silva 0-0: Ball
1-0: Ball
2-0: Ball
3-0: Base on Balls
Batting: RHB Robert Stevens 0-0: Called Strike
0-1: Foul Ball, location: 2F
0-2: Ball
1-2: Ball
2-2: Grounds into double play, 5-4-3 (Groundball, 56)
Bottom of the 4th over - 0 run(s), 0 hit(s), 0 error(s), 0 left on base; Seattle 2 - Salem 2
TOP OF THE 5TH
Seattle Rainiers batting - Pitching for Salem Sledgehammers : RHP Ron Moore
Batting: RHB Cipriano Baca 0-0: Foul Ball, location: 2F
0-1: Ball
1-1: Ground out 6-3 (Groundball, 6)
Batting: RHB Leonard Harris 0-0: Called Strike
0-1: Fly out, F8 (Flyball, 8LS)
Batting: RHB David Pérez 0-0: Called Strike
0-1: Ball
1-1: Ball
2-1: Ball
3-1: Called Strike
3-2: SINGLE (Flyball, 9LM)
Batting: LHB Tom Craft 0-0: Ball
David Pérez is caught stealing 2nd base
Top of the 5th over - 0 run(s), 1 hit(s), 0 error(s), 0 left on base; Seattle 2 - Salem 2
BOTTOM OF THE 5TH
Salem Sledgehammers batting - Pitching for Seattle Rainiers : RHP Lúcio Feliciano
Batting: RHB Lakota O'Reilly 0-0: Swinging Strike
0-1: Bunted foul
0-2: Ball
1-2: Ball
2-2: Ball
3-2: Base on Balls
Batting: RHB Luis Bustamante 0-0: Called Strike
Lakota O'Reilly is caught stealing 2nd base
0-1: Ground out 6-3 (Groundball, 6)
Batting: RHB José García 0-0: Foul Ball, location: 2F
0-1: Called Strike
0-2: Ball
1-2: Foul Ball, location: 2F
1-2: Foul Ball, location: 2F
1-2: Ball
2-2: Strikes out swinging
Bottom of the 5th over - 0 run(s), 0 hit(s), 0 error(s), 0 left on base; Seattle 2 - Salem 2
TOP OF THE 6TH
Seattle Rainiers batting - Pitching for Salem Sledgehammers : RHP Ron Moore
Batting: LHB Tom Craft 0-0: Ball
1-0: Swinging Strike
1-1: Ball
2-1: Foul Ball, location: 2F
2-2: Foul Ball, location: 2F
2-2: Ball
3-2: Ground out 4-3 (Groundball, 4)
Batting: SHB Claas van der Kuijl 0-0: Ball
1-0: Ball
2-0: Ball
3-0: Called Strike
3-1: Base on Balls
Batting: RHB José Rosales 0-0: Ball
Claas van der Kuijl steals 2nd base
1-0: Intentional Walk
Batting: RHB Roger Lamb 0-0: Called Strike
0-1: Foul Ball, location: 2F
0-2: Ball
1-2: Ball
2-2: Strikes out looking
Batting: RHB Roberto Pérez 0-0: Called Strike
0-1: Swinging Strike
0-2: Ball
1-2: Strikes out swinging
Top of the 6th over - 0 run(s), 0 hit(s), 0 error(s), 2 left on base; Seattle 2 - Salem 2
BOTTOM OF THE 6TH
Salem Sledgehammers batting - Pitching for Seattle Rainiers : RHP Lúcio Feliciano
Pitching: LHP David Vance
Batting: SHB Richard Griffin 0-0: Foul Ball, location: 2F
0-1: Ball
1-1: Called Strike
1-2: Strikes out swinging
Batting: SHB Enrique Uribe 0-0: Ball
1-0: SINGLE (Groundball, 34D)
Batting: RHB Bobby Miller 0-0: Ball
1-0: Ball
2-0: Fly out, F9 (Flyball, 9)
Batting: RHB Gilberto Tovar 0-0: Fly out, F8 (Flyball, 8LD)
Bottom of the 6th over - 0 run(s), 1 hit(s), 0 error(s), 1 left on base; Seattle 2 - Salem 2
TOP OF THE 7TH
Seattle Rainiers batting - Pitching for Salem Sledgehammers : RHP Ron Moore
Pitching: LHP Pepe Gómez
Batting: LHB José Delgado 0-0: Ball
1-0: Ball
2-0: Called Strike
2-1: Called Strike
2-2: Ball
3-2: Strikes out swinging
Pitching: RHP Juan Herrera
Pinch Hitting: LHB Kelsey Scott 0-0: Foul Ball, location: 2F
0-1: Hit by Pitch
Pinch Runner at 1st Fernando Borges:
Batting: RHB Leonard Harris 0-0: Called Strike
0-1: Ball
1-1: SINGLE (Line Drive, 56)
Fernando Borges to second
Pinch Hitting: SHB Eduardo Sánchez 0-0: Ball
1-0: Ball
2-0: Called Strike
2-1: Ball
3-1: Foul Ball, location: 2F
3-2: Grounds into double play, 4-6-3 (Groundball, 4)
Top of the 7th over - 0 run(s), 1 hit(s), 0 error(s), 1 left on base; Seattle 2 - Salem 2
BOTTOM OF THE 7TH
Salem Sledgehammers batting - Pitching for Seattle Rainiers : LHP David Vance
Now at 3B: Fernando Borges
Now at SS: Eduardo Sánchez
Batting: RHB Gilberto Silva 0-0: Ball
1-0: Ball
2-0: SOLO HOME RUN (Flyball, 78XD), Distance : 401 ft
Batting: RHB Robert Stevens 0-0: Ball
1-0: Ball
2-0: Called Strike
2-1: Ball
3-1: Foul Ball, location: 2F
3-2: Foul Ball, location: 2F
3-2: Base on Balls
Pinch Runner at 1st Donovan James:
Batting: RHB Lakota O'Reilly
Pinch Hitting: RHB Glenn Broadwater 0-0: Foul Ball, location: 2F
0-1: Ball
1-1: Ball
2-1: Called Strike
2-2: Strikes out swinging
Batting: RHB Luis Bustamante 0-0: Ball
Donovan James is caught stealing 2nd base
1-0: Called Strike
1-1: Swinging Strike
1-2: Strikes out swinging
Bottom of the 7th over - 1 run(s), 1 hit(s), 0 error(s), 0 left on base; Seattle 2 - Salem 3
TOP OF THE 8TH
Seattle Rainiers batting - Pitching for Salem Sledgehammers : RHP Juan Herrera
Pitching: LHP Juan Cervantes
Now in LF: Glenn Broadwater
Batting: LHB Tom Craft 0-0: Ball
1-0: Called Strike
1-1: Ground out U3 (Groundball, 3)
Batting: SHB Claas van der Kuijl 0-0: Foul Ball, location: 2F
0-1: Foul Ball, location: 2F
0-2: Ball
1-2: Strikes out swinging
Pitching: RHP Máximo Salazar
Batting: RHB José Rosales 0-0: Ground out 6-3 (Groundball, 6)
Top of the 8th over - 0 run(s), 0 hit(s), 0 error(s), 0 left on base; Seattle 2 - Salem 3
BOTTOM OF THE 8TH
Salem Sledgehammers batting - Pitching for Seattle Rainiers : LHP David Vance
Batting: RHB José García 0-0: Called Strike
0-1: Ball
1-1: Ball
2-1: Swinging Strike
2-2: Ball
3-2: Strikes out swinging
Batting: SHB Richard Griffin 0-0: Ball
1-0: SINGLE (Groundball, 34) (infield hit)
Batting: SHB Enrique Uribe 0-0: Called Strike
0-1: Foul Ball, location: 2F
0-2: Foul Ball, location: 2F
0-2: Fly out, F9 (Flyball, 9LMF)
Batting: RHB Bobby Miller 0-0: Ball
1-0: Called Strike
1-1: Ground out 5-3 (Groundball, 56S)
Bottom of the 8th over - 0 run(s), 1 hit(s), 0 error(s), 1 left on base; Seattle 2 - Salem 3
TOP OF THE 9TH
Seattle Rainiers batting - Pitching for Salem Sledgehammers : RHP Máximo Salazar
Pitching: LHP Mitch Bennett
Pinch Hitting: SHB Júlio Ayala 0-0: Called Strike
0-1: Foul Ball, location: 2F
0-2: Ball
1-2: Ball
2-2: Strikes out swinging
Batting: RHB Roberto Pérez 0-0: Ball
1-0: Ball
2-0: Ball
3-0: Called Strike
3-1: DOUBLE (Line Drive, 8RXD)
Batting: LHB José Delgado 0-0: Called Strike
0-1: Ball
1-1: Ball
2-1: Foul Ball, location: 2F
2-2: Foul Ball, location: 2F
2-2: Foul Ball, location: 2F
2-2: Strikes out swinging
Batting: SHB Fernando Borges 0-0: Ball
1-0: Called Strike
1-1: Ball
2-1: Swinging Strike
2-2: Foul Ball, location: 2F
2-2: Ball
3-2: Foul Ball, location: 2F
3-2: Foul Ball, location: 2F
3-2: Base on Balls
Batting: RHB Leonard Harris 0-0: Ball
1-0: Called Strike
1-1: Ball
2-1: Swinging Strike
2-2: Foul Ball, location: 2F
2-2: Strikes out looking
Top of the 9th over - 0 run(s), 1 hit(s), 0 error(s), 2 left on base; Seattle 2 - Salem 3
Thursday, March 30th, 2017 - OOTP Baseball 17.12 Build 75